AoeStats
← omnomnomnivore

Nomad

509085202Analyzed
2v2 RM · 5d ago on Sep 25, 2026· 21m 27s· 4 players
Game mode
Random Map
Map size
176×176
Population
200
Speed
Normal
Resources
Standard
Victory
Conquest
Starting age
Dark Age
Ending age
Imperial Age
RankedLock teamsTeams togetherTeam positionsShared explorationLock speedFull tech treeHidden civsTurbo modeCheats
Victory
Defeat
🇹🇼 Mapuche · Taiwan
1582
+13
🇨🇦 Chinese · Canada
1451
+17
🇩🇪 Dravidians · Germany
1504
-15
🇺🇸 Persians · United States
1496
-15
JESUS_is_SAVIOR3
12:00 Feudal Age
12:32 Double-Bit Axe
15:45 Gold Mining
17:51 Town Watch
19:00 Loom
omnomnomnivore
7:02 Loom
13:40 Feudal Age
15:03 Gold Mining
16:01 Double-Bit Axe
20:57 Castle Age
19:47 Fletching
[FORD]DarkHorse
2:49 Loom
12:18 Feudal Age
16:09 Castle Age
14:19 Town Watch
16:33 Fletching
sci621
7:01 Loom
11:57 Feudal Age
12:27 Town Watch
12:28 Double-Bit Axe
16:06 Gold Mining
20:43 Fishing Lines
Connection lost

Rejoining the realm…

Still unreachable

The connection could not be restored.

Session expired

The server has moved on; the page needs a fresh start.